Description

All credit to Zuka! Added notes and removed probes.

"This build order in really easy to execute. He is designed for beginners or new player who want a solid build order to improve and to reach a good level.

The goal is to do an early pressure then go to a Immortal/Archon/Chargelot composition.

This build can be done against Zerg, Terran or Protoss with almost no variation from Bronze to Master. The build is really effective and he already helped many Protoss to go to diamond or Master.

Why i did this build order ?

Easy to do for beginners
Universal: Can be done against Zerg, Terran and Protoss
Easy to understand
Help you to improve your mechanics by focusing on macro
Macro oriented
Include scouting timing to help you learning how to scout
Can be done from bronze to master (I did a serie using only this)
Really powerfull with many strong timings

Few tips :

Against a Zerg : Do you first 3 buildings inside your wall
Don't commit on micro, macro is the most important thing
Never stop probe production (except if you want more unit) until you reach 3 fully saturated bases
Too many minerals = more Gates
Focus on one simple army composition: zealot / Immortal / Archon
Learn to scout step by step: Understand why he is taking gas, why he doesn't expand etc...

This build is designed to be good in defense and in attack. You can use it without adaptation until mid-diamond. In mid-diamond you should do some small adaptations like playing with 2 adepts first against zerg."

VOD

https://www.youtube.com/watch?v=BAiuBxxjjUA&t

Build Order

Get SALT Encoding   

  14  0:17  Pylon  
  15  0:31  Probe (Chrono Boost)  
  16  0:37  Gateway  ( 1. | Scout w/ probe)
  16  0:46  Assimilator  
  17  0:56  Assimilator  
  19  1:10  Gateway  ( 2. | Chrono nexus)
  21  1:28  Cybernetics Core  
  22  1:39  Pylon  ( 2.)
  23  1:56  Warp Gate  
  24  2:04  Stalker x2  (Offensive)
  29  2:16  Pylon  ( 3. at natural)
  30  2:34  Stalker x2  (Defensive)
  34  2:59  Nexus  ( 2.)
  34  3:13  Robotics Facility  
  35  3:21  Pylon  ( 4.)
  36  3:33  Shield Battery  
  38  3:52  Immortal  
  46  4:19  Gateway x2  ( 3. + 4.)
  47  4:29  Assimilator x2  
  47  4:31  Observer  (Scout opponent)
  50  4:42  Twilight Council  
  50  4:44  Immortal  ( 1.)
  57  5:04  Pylon  ( 5. at Natural)
  58  5:09  Zealot x2  
  62  5:18  Charge  
  64  5:31  Templar Archives  
  64  5:32  Immortal  ( 2.)
  70  5:56  Nexus  
  70  6:07  Forge x2  
  70  6:10  High Templar x4  
  74  6:15  Archon x2  ( 1.), ( 2.)
  74  6:16  Protoss Ground Armor Level 1  
  78  6:22  Protoss Ground Weapons Level 1  
  80  6:31  Gateway  
  81  6:40  Gateway  
  83  6:54  High Templar x2  
  83  7:01  Archon  ( 3.)
  89  7:04  High Templar x2  
  93  7:08  Archon  ( 4.)
  93  7:11  Immortal  ( 3.)
  96  7:17  Gateway x2  
  103  7:35  Zealot x2  
  108  7:44  Protoss Ground Armor Level 2  
  110  7:45  High Templar x2  
  110  7:46  Zealot x2  
  110  7:48  Protoss Ground Weapons Level 2  
  110  7:51  Archon  ( 5.)
  122  7:59  Assimilator x2  
  123  8:09  Zealot x2  
  127  8:19  Gateway x2  
  128  8:28  Zealot x2  
  138  8:38  Archon  ( 6.)
  152  8:57  Warp Prism  
  152  8:59  Archon  ( 7.)
  155  9:21  Archon  ( 8.)
  169  9:33  Observer  
  174  9:42  Archon  ( 9.)
Spawning Tool Build Advisor. Get it on Overwolf

Analysis

Notes in-game cover this.

Go to:

Details

  • Created by: Rage
  • Published on: Jun 24, 2020
  • Modified on: Jun 24, 2020
  • Patch: 4.11.0
  • Difficulty: Easy
Show
View Real Time Build Order
Export as new Build Order

Comments (0)

There are no comments. Be the first!

Create an account to comment!